 Dungeon Crawl Stone Soup version 0.30-a0-6-g7c9e10e132 (webtiles) character file.

Game seed: 16837327703606548513

35 mathmaestro the Grave Robber (level 3, 7/39 HPs)
             Began as a Demonspawn Necromancer on Aug 22, 2022.
             Quit the game on level 1 of the Dungeon.
             The game lasted 00:02:04 (1086 turns).

mathmaestro the Grave Robber (DsNe)                 Turns: 1086, Time: 00:02:05

Health: 7/39       AC: 21    Str:  8    XL:     3   Next: 16%
Magic:  1/6        EV:  2    Int: 18    God:
Gold:   67         SH:  0    Dex: 13    Spells: 5/6 levels left

rFire   . . .      SeeInvis .    h - +0 dagger
rCold   . . .      Faith    .    (no shield)
rNeg    . . .      Spirit   .    (body armour currently unavailable)
rPois   +          Reflect  .    (helmet currently unavailable)
rElec   .          Harm     .    (cloak currently unavailable)
rCorr   .          Rampage  .    (gloves currently unavailable)
Will    .....      NoTele   +    (boots currently unavailable)
Stlth   ++........               (no amulet)
HPRegen 1.13/turn                (no ring)
MPRegen 0.10/turn                (no ring)

@: brilliant, tree-form
A: stationary, stasis, torment immunity, boosted hp, foul stench 1, powered by
death 1
a: no special abilities


You were on level 1 of the Dungeon.
You were a tree.
You visited 1 branch of the dungeon, and saw 2 of its levels.

You collected 67 gold pieces.

Inventory:

Hand Weapons
 h - a +0 dagger (weapon)
Missiles
 c - 5 boomerangs
Armour
 a - a +0 robe (melded)
Scrolls
 d - a scroll of noise {unknown}
 i - 2 scrolls of identify {unknown}
Potions
 b - a potion of magic
 g - a potion of ambrosia {unknown}
 j - a potion of curing {unknown}


   Skills:
 + Level 1.2 Fighting
 - Level 2.0 Dodging
 - Level 2.0 Stealth
 + Level 2.4 Spellcasting
 + Level 4.7 Necromancy


You had 5 spell levels left.
You knew the following spells:

 Your Spells              Type           Power      Damage    Failure   Level
a - Necrotise             Necr           100%       1d9       2%          1

Your spell library contained the following spells:

 Spells                   Type           Power      Damage    Failure   Level
 Vampiric Draining        Necr           29%        2d8       8%          3
 Animate Dead             Necr           29%        N/A       24%         4
 Agony                    Necr           29%        N/A       56%         5


Dungeon Overview and Level Annotations

Branches:
Dungeon (2/15)

Altars:


Innate Abilities, Weirdness & Mutations

You are a tree.
Your roots penetrate the ground, keeping you stationary.
You cannot be teleported.
You are immune to unholy pain and torment.
Your maximum health is greatly increased.
Your equipment is partially melded.
You may rarely emit foul miasma when damaged in melee.
You regenerate a little health from kills.


Message History

It was a potion of brilliance.
You feel clever all of a sudden.
The quokka bites you but does no damage.
The adder bites you but does no damage.
The quokka bites you but does no damage.
It was a potion of lignification.
You turn into a tree.
Your +0 robe melds into your body.
Your roots penetrate the ground.
The adder bites you but does no damage.
The quokka bites you but does no damage.
The adder bites you but does no damage.
You hit the adder but do no damage.
The adder is almost dead.
The adder bites you but does no damage.
The quokka bites you but does no damage.
You hit the adder.
You kill the adder!
The quokka barely misses you.
You have reached level 3!
Your experience leads to an increase in your attributes!
Increase (S)trength, (I)ntelligence, or (D)exterity?
You feel clever. x2; Your demonic ancestry asserts itself...
You begin to emit a foul stench of rot and decay.
You hit the quokka but do no damage.
The quokka is severely wounded.
The quokka bites you but does no damage.
You barely miss the quokka.
The quokka is severely wounded.
The quokka bites you.
* * * LOW HITPOINT WARNING * * *
The quokka bites you but does no damage.
You miss the quokka.
The quokka is heavily wounded.
The quokka bites you.
* * * LOW HITPOINT WARNING * * *
You closely miss the quokka.
The quokka is heavily wounded.
The quokka bites you but does no damage.
You hit the quokka.
You kill the quokka!
Are you sure you want to abandon this character and quit the game? (Confirm with "yes".)

..## #.# #.#.###
#....... 8#.#####.#
#.....# #.....##
##.#.....# ####..#
####### ##.#######
#..# ##.# #..# #.##
#..# '## #..# .#
#..# ## #.♣# #.†#
####### ##..#
#......
#..>##########.#####
#..............[####
#.#############..##.
#.# ##.#.. ##.##
#.'.. #...# ###..


There were no monsters in sight!

Vanquished Creatures
  An adder (D:1)
  A dart slug (D:1)
  3 bats (D:1)
  2 endoplasms (D:1)
  A giant cockroach (D:1)
  2 goblins (D:1)
  A hobgoblin (D:1)
  3 quokkas (D:1)
  3 ball pythons (D:1)
  A frilled lizard (D:1)
  2 kobolds (D:1)
  A rat (D:1)
21 creatures vanquished.

Vanquished Creatures (collateral kills)
  A quokka (D:1)
1 creature vanquished.

Grand Total: 22 creatures vanquished

Notes
Turn   | Place    | Note
-------+----------+-------------------------------------------
     0 | D:1      | mathmaestro the Demonspawn Necromancer began the quest for
                  | the Orb.
     0 | D:1      | Reached XP level 1. HP: 13/13 MP: 3/3
   328 | D:1      | Gained mutation: You regenerate a little health from kills.
                  | [demonic ancestry]
   328 | D:1      | Reached XP level 2. HP: 20/20 MP: 1/5
   650 | D:1      | Reached skill level 1 in Fighting
  1081 | D:1      | Gained mutation: You may rarely emit foul miasma when
                  | damaged in melee. [demonic ancestry]
  1081 | D:1      | Reached XP level 3. HP: 7/26 MP: 0/6
  1086 | D:1      | Quit the game

Illustrated notes

Levels and vault maps discovered:
D:1:      saegor_arrival_simple_e, layout_loops_ring,
          hangedman_abyss_or_decor_lesser_grid, dk_noncrumbling_3
D:2:      layout_rooms, minmay_crystal_room

Skill      XL: |  1  2 |
---------------+-------+-----
Stealth        | 2 |  2.0
Dodging        | 2 |  2.0
Fighting       | 1 |  1.2
Spellcasting   | |  2.4
Necromancy     | |  4.7

Action                   || total
-------------------------++-------
Melee: Whip              ||     5
       Short sword       ||     5
       Dagger            ||     7
 Cast: Necrotise         ||    36
  Use: Potion            ||     2
Armor: Robe              ||     6
       Skin              ||     8
Dodge: Dodged            ||    19

Table legend: (Time is in decaauts)
 A = Elapsed time spent in this place.
 B = Non-inter-level travel time spent in this place.
 C = Inter-level travel time spent in this place.
 D = Time resting spent in this place.
 E = Time spent auto-exploring this place.
 F = Levels seen in this place.
 G = Mean time per level.
                   A        B        C        D        E       F      G
               +--------+--------+--------+--------+--------+-----+--------+
         Total |   1085 |   1047 |     38 |    202 |    674 |   2 |  542.5 |
       Dungeon |   1085 |   1047 |     38 |    202 |    674 |   2 |  542.5 |
               +--------+--------+--------+--------+--------+-----+--------+

Top non-repeatable levels by time:
     D:1: 1075 daAuts
     D:2: 10 daAuts
